 Dungeon Crawl Stone Soup version 0.20.0-8-g6b59dc7 (webtiles) character file.

47 kasken the Grave Robber (level 3, -1/24 HPs)
             Began as a Demonspawn Necromancer on May 31, 2017.
             Slain by a gnoll
             ... wielding a cursed +0 halberd
              (15 damage)
             ... on level 2 of the Dungeon.
             The game lasted 00:26:08 (1720 turns).

kasken the Grave Robber (Demonspawn Necromancer)    Turns: 1720, Time: 00:26:08

Health: -1/24      AC:  4    Str:  8    XL:     3   Next: 48%
Magic:  4/6        EV: 12    Int: 16    God:
Gold:   110        SH:  0    Dex: 14    Spells: 2/7 levels left

rFire    . . .     SeeInvis .   c - +4 dagger
rCold    . . .     Gourm    .   (no shield)
rNeg     . . .     Faith    .   t - +0 leather armour
rPois    .         Spirit   .   s - +0 helmet
rElec    .         Reflect  .   (no cloak)
rCorr    .         Harm     .   (no gloves)
MR       .....                  (no boots)
Stlth    +++.......             (no amulet)
Regen    0.1/turn               (no ring)
MPRegen  0.1/turn               (no ring)

@: no status effects
A: talons 1, low mp 1, mutation resistance 1, nightstalker 1
a: no special abilities


You were on level 2 of the Dungeon.
You were not hungry.

You visited 1 branch of the dungeon, and saw 2 of its levels.

You collected 110 gold pieces.

Inventory:

Hand Weapons
 c - a +4 dagger (weapon)
 e - a +0 club
 g - a +0 club
 j - a +0 whip
 n - a +0 hunting sling
 o - a +0 quarterstaff
 p - a +0 whip
 v - a +0 club
Missiles
 h - 6 poisoned needles
 q - 48 stones (quivered)
Armour
 a - a +0 robe
 r - a +0 helmet
 s - a +0 helmet (worn)
 t - a +0 leather armour (worn)
Jewellery
 x - an uncursed amulet of guardian spirit {unknown}
Scrolls
 k - a scroll of enchant weapon
 m - a scroll of identify
 u - a scroll of teleportation {unknown}
 w - a scroll of fear {unknown}
Potions
 d - 2 potions of cancellation
 l - a potion of heal wounds
Books
 b - a book of Necromancy

   Spells                             Type                      Level
   a - Pain                           Necromancy                   1
   b - Animate Skeleton               Necromancy                   1
   c - Vampiric Draining              Necromancy                   3
   d - Regeneration                   Charms/Necromancy            3
   e - Animate Dead                   Necromancy                   4
   f - Control Undead                 Necromancy                   4
Comestibles
 f - a royal jelly
 i - 2 meat rations


   Skills:
 + Level 0.1 Short Blades
 + Level 1.8 Dodging
 + Level 2.1 Stealth
 + Level 2.5 Spellcasting
 + Level 5.1 Necromancy


You had 2 spell levels left.
You knew the following spells:

 Your Spells              Type           Power        Failure   Level  Hunger
a - Pain                  Necr           ###.         3%          1    #......
b - Animate Skeleton      Necr           N/A          3%          1    #......
c - Vampiric Draining     Necr           ###.......   11%         3    ###....


Dungeon Overview and Level Annotations

Branches:
Dungeon (2/15)

Altars:


Innate Abilities, Weirdness & Mutations

You have sharp toenails.
You are slightly more attuned to the shadows.
Your magical capacity is low. (-10% MP)
You are somewhat resistant to further mutation.


Message History

Press: ? - help, Shift-Dir - straight line, f/p - gnoll
Aim: a gnoll (moderately wounded, chance to defeat MR: 84%)
The gnoll writhes in agony!
The gnoll closely misses you.
You hit the gnoll.
You kill the gnoll!
The gnoll hits you from afar with a halberd.
Unknown command.
The gnoll barely misses you.
You barely miss the gnoll. The gnoll hits you with a halberd.
You closely miss the gnoll. You claw the gnoll, but do no damage.
You hit the gnoll but do no damage. The gnoll misses you.
Casting: Pain
Confirm with . or Enter, or press ? or * to list all spells.
You don't have enough magic to cast that spell.
The gnoll barely misses you. The gnoll closely misses you.
The gnoll misses you.
The gnoll hits you from afar with a halberd!
Ouch! That really hurt!
You die...

#....+...'..#.#
#....#...##.#.#
.##....#......#.#
........>.......#
.#####.#..#.#####
##+#........#....#
#...g.......####.#
..###....###.#.......#
......@....#.#†#######
#####....#.#.#.......
#....#.#....#####
#....# #....# .......#
.#....# #....#
#......# .#....#
#....# #......#
.####.# #....#
#......# .### #....#
#......# ... #.#†##


You could see a gnoll.

Vanquished Creatures
  A gnoll (D:2)
  An adder (D:2)
  A leopard gecko (D:1)
  A ball python (D:2)
  A giant cockroach (D:1)
  3 goblins
  5 hobgoblins
  4 jackals (D:1)
  A quokka (D:2)
  A bat (D:2)
  A frilled lizard (D:1)
  4 kobolds (D:1)
  A rat (D:1)
25 creatures vanquished.

Notes
Turn   | Place    | Note
-------+----------+-------------------------------------------
     0 | D:1      | kasken the Demonspawn Necromancer began the quest for the Orb.
     0 | D:1      | Reached XP level 1. HP: 13/13 MP: 3/3
     2 | D:1      | Learned a level 1 spell: Animate Skeleton
   656 | D:1      | Gained mutation: You are slightly more attuned to the shadows. [demonic ancestry]
   656 | D:1      | Reached XP level 2. HP: 18/19 MP: 1/5
  1153 | D:1      | Gained mutation: Your magical capacity is low. (-10% MP) [potion of mutation]
  1153 | D:1      | Gained mutation: You are somewhat resistant to further mutation. [potion of mutation]
  1345 | D:1      | Reached skill level 5 in Necromancy
  1558 | D:2      | Gained mutation: You have sharp toenails. [demonic ancestry]
  1558 | D:2      | Reached XP level 3. HP: 20/24 MP: 3/6
  1656 | D:2      | Learned a level 3 spell: Vampiric Draining
  1720 | D:2      | Slain by a gnoll

Skill      XL: |  1  2  3 |
---------------+----------+-----
Necromancy     | 5 |  5.1
Stealth        | 2 |  2.1
Short Blades   | |  0.1
Dodging        | |  1.8
Spellcasting   | |  2.5

Action                   || total
-------------------------++-------
Melee: Club              ||    10
       Unarmed           ||     4
       Dagger            ||    40
       Kick              ||     1
 Cast: Pain              ||    35
       Vampiric Draining ||     1
  Use: Potion            ||     3
       Scroll            ||     3
  Eat: Meat ration       ||     1
       Bread ration      ||     1
Armor: Robe              ||    11
       Leather armour    ||     5
Dodge: Dodged            ||    46
